 Dungeon Crawl Stone Soup version 0.23-a0-295-g2e428d4 (webtiles) character file.

23 Amnesiac the Magician (level 2, -1/19 HPs)
             Began as a Mummy Wizard on Oct 4, 2018.
             Slain by a worm (10 damage)
             ... on level 2 of the Dungeon.
             The game lasted 00:03:41 (728 turns).

Amnesiac the Magician (Mummy Wizard)                 Turns: 728, Time: 00:03:42

Health: -1/19      AC:  2    Str: 10    XL:     2   Next: 75%
Magic:  2/8        EV: 12    Int: 17    God:
Gold:   9          SH:  0    Dex: 10    Spells: 6/11 levels left

rFire    x . .     SeeInvis .   (no weapon)
rCold    + . .     Gourm    .   (no shield)
rNeg     + + +     Faith    .   a - +0 robe
rPois    ∞         Spirit   .   (no helmet)
rElec    .         Reflect  .   (no cloak)
rCorr    .         Harm     .   (no gloves)
MR       .....                  (no boots)
Stlth    ++........             (no amulet)
HPRegen  0.06/turn              (no ring)
MPRegen  0.11/turn              (no ring)

@: no status effects
A: no food or potions, fire vulnerability, cold resistance 1, negative energy
resistance 3, torment resistance, unbreathing
a: no special abilities


You were on level 2 of the Dungeon.
You were not hungry.

You visited 1 branch of the dungeon, and saw 3 of its levels.

You collected 9 gold pieces.

Inventory:

Hand Weapons
 c - a +1 hunting sling of freezing
Armour
 a - a +0 robe (worn)


   Skills:
 - Level 1.5 Dodging
 - Level 1.5 Stealth
 + Level 5.2 Spellcasting
 - Level 0.7 Conjurations
 - Level 0.7 Summonings
 - Level 0.7 Translocations


You had 6 spell levels left.
You knew the following spells:

 Your Spells              Type           Power        Failure   Level  Hunger
a - Magic Dart            Conj           #...         11%         1    N/A
b - Call Imp              Summ           #.......     16%         2    N/A
v - Blink                 Tloc           N/A          16%         2    N/A

Your spell library contained the following spells:

 Spells                   Type           Power        Failure   Level  Hunger
 Slow                     Hex            #.......     22%         2    N/A
 Conjure Flame            Conj/Fire      #.......     34%         3    N/A
 Mephitic Cloud           Conj/Pois/Air  #.......     36%         3    N/A

Dungeon Overview and Level Annotations

Branches:
Dungeon (3/15)

Altars:


Innate Abilities, Weirdness & Mutations

You do not eat or drink.
Your flesh is vulnerable to fire.
You are immune to poison.
Your flesh is cold resistant. (rC+)
You are immune to negative energy. (rN+++)
You are immune to unholy pain and torment.
You can survive without breathing.


Message History

Unknown command.
Firing (i - inventory) No suitable missiles.
Press: ? - help, Shift-Dir - straight line, f/p - bat
Aim: a bat
Okay, then.
Firing (i - inventory) No suitable missiles.
Press: ? - help, Shift-Dir - straight line, f/p - bat
Aim: a bat
Okay, then.
The bat barely misses you.
Firing (i - inventory) No suitable missiles.
Press: ? - help, Shift-Dir - straight line, f/p - bat
Aim: a bat
Okay, then.
Firing (i - inventory) No suitable missiles.
Press: ? - help, Shift-Dir - straight line, f/p - bat
Aim: a bat
Okay, then.
Wield which item (- for none, * to show all)? (? for menu, Esc to quit)
Okay, then.
Wield which item (- for none, * to show all)? (? for menu, Esc to quit)
Your +1 hunting sling of freezing stops glowing.
You are now empty-handed.
You miss the bat. The bat closely misses you. The bat hits you.
The worm bites your crimson imp!
You hit the bat.
The bat is severely wounded.
The bat barely misses you.
Your white imp gestures at the bat.
The puff of frost hits the bat.
The bat dies!
You swap places.
The worm closely misses your crimson imp.
Your crimson imp blinks!
You barely miss the worm.
The worm is lightly wounded.
The worm bites you.
* * * LOW HITPOINT WARNING * * *
You hit the worm.
The worm is lightly wounded.
You barely miss the worm.
The worm is lightly wounded.
The worm barely misses you.
You hit the worm but do no damage.
The worm is lightly wounded.
You hit the worm.
The worm is moderately wounded.
Your white imp disappears in a puff of smoke!
The worm closely misses you.
You barely miss the worm.
The worm is moderately wounded.
The worm closely misses you.
You hit the worm but do no damage.
The worm is moderately wounded.
You hit the worm.
The worm is severely wounded.
The worm barely misses you.
You hit the worm but do no damage.
The worm is heavily wounded.
You barely miss the worm.
The worm is almost dead.
The worm bites you!
Ouch! That really hurt!
You die...

###........... ............
#........# . #........# ...
#........##############
.#..#......................
......>.....#..............
................§..........
.##.#..#..#.....@w5########
.. #..#..#...§.#### ##
#..#..##.##.# #######
#.##.#..##.##.# #...†<#
#.......##.##.####..#†#
#b##.#..............#.#
+........#######..#.#
##)####..... ...#.# #.
#.......≈.≈.≈.≈


You could see a worm and a friendly crimson imp.

Vanquished Creatures
  A ball python (D:1)
  A bat (D:2)
  A giant cockroach (D:1)
  2 goblins (D:1)
  4 hobgoblins
  A jackal (D:1)
  2 kobolds (D:1)
  2 frilled lizards (D:1)
  A rat (D:1)
15 creatures vanquished.

Vanquished Creatures (collateral kills)
  A dart slug (D:2)
  2 jackals
  A bat (D:2)
  A rat (D:2)
5 creatures vanquished.

Grand Total: 20 creatures vanquished

Notes
Turn   | Place    | Note
-------+----------+-------------------------------------------
     0 | D:1      | Amnesiac the Mummy Wizard began the quest for the Orb.
     0 | D:1      | Reached XP level 1. HP: 13/13 MP: 5/5
   316 | D:1      | Reached XP level 2. HP: 6/19 MP: 0/7
   320 | D:1      | Learned a level 2 spell: Blink
   323 | D:1      | Learned a level 2 spell: Call Imp
   517 | D:1      | Reached skill level 5 in Spellcasting
   728 | D:2      | Slain by a worm

Vault maps used:
D:1:      lightli_iron_boxes
D:2:      chequers_ecumenical_altar_island, minmay_hedge_maze, corner_web_ring,
          uniq_natasha
D:3:      evilmike_ruin_ashenzari

Skill      XL: |  1  2 |
---------------+-------+-----
Spellcasting   | 5 |  5.2
Dodging        | |  1.5
Stealth        | |  1.5
Conjurations   | |  0.7
Summonings     | |  0.7
Translocations | |  0.7

Action                   || total
-------------------------++-------
Melee: Hunting sling     ||     6
       Unarmed           ||    12
 Cast: Magic Dart        ||    50
       Call Imp          ||     6
Armor: Robe              ||     7
Dodge: Dodged            ||    41

Table legend:
 A = Non-vault XP
 B = Vault XP
 C = Vault XP percentage of total XP
 D = Non-vault monster count
 E = Vault monster count
 F = Vault count percentage of total count
                 A         B        C        D         E       F
            +---------+---------+-------+---------+---------+-------
      Total |      34 |       0 |   0.0 |      20 |       0 |   0.0
            +---------+---------+-------+---------+---------+-------
        D:1 |      24 |       0 |   0.0 |      14 |       0 |   0.0
        D:2 |      10 |       0 |   0.0 |       6 |       0 |   0.0
            +---------+---------+-------+---------+---------+-------
